 Dungeon Crawl Stone Soup version 0.28.0-53-g5a82cb258f (webtiles) character file.

Game seed: 15954444030432626939

383 moldycheese5 the Magician (level 7, -2/45 HPs)
             Began as a Djinni Fire Elementalist on June 17, 2022.
             Slain by a centaur zombie (5 damage)
             ... in an ossuary.
             The game lasted 00:17:27 (5395 turns).

moldycheese5 the Magician (DjFE)                    Turns: 5395, Time: 00:17:28

Health: -2/45      AC:  2    Str:  7    XL:     7   Next: 5%
Gold:   158        EV: 12    Int: 19    God:
                   SH:  0    Dex: 13

rFire   + + +      SeeInvis .   (no weapon)
rCold   x . .      Faith    .   (no shield)
rNeg    . . .      Spirit   .   a - +0 robe
rPois   ∞          Reflect  .   (no helmet)
rElec   .          Harm     .   (no cloak)
rCorr   +          Rampage  .   (no gloves)
Will    .....                   (boots unavailable)
Stlth   ++........              (no amulet)
HPRegen 0.15/turn               f - ring of protection from fire
MPRegen 0.00/turn               c - ring of resist corrosion

@: marked, flying
A: sickness immunity, fire resistance 2, cold vulnerability 1, float, innate
caster, HP casting, extra vitality 1
a: no special abilities


You were in an ossuary.
You visited 1 branch of the dungeon, and saw 4 of its levels.
You also visited: Ossuary.

You collected 158 gold pieces.

Inventory:

Armour
 a - a +0 robe (worn)
Jewellery
 c - a ring of resist corrosion (right hand)
 f - a ring of protection from fire (left hand)
 g - a ring of ice
Scrolls
 b - 2 scrolls of enchant weapon {unknown}
 e - 3 scrolls of identify {unknown}
 h - 3 scrolls of teleportation {unknown}
 i - a scroll of immolation {unknown}
 p - a scroll of blinking {unknown}
 q - a scroll of vulnerability {unknown}
Potions
 d - 3 potions of heal wounds {unknown}
 j - a potion of resistance {unknown}
 k - a potion of attraction {unknown}
 l - 2 potions of curing {unknown}
 m - a potion of lignification {unknown}
 n - 2 potions of brilliance {unknown}
 o - a potion of flight {unknown}


   Skills:
 + Level 2.6 Dodging
 + Level 2.7 Stealth
 + Level 0.1 Unarmed Combat
 + Level 5.2 Spellcasting


You couldn't memorise any spells.
You knew the following spells:

 Your Spells              Type           Power      Damage    Failure   Level
a - Foxfire               Conj/Fire      96%        2x1d8     1%          1
b - Scorch                Fire           48%        2d7       2%          2
c - Conjure Flame         Conj/Fire      24%        6-21      4%          3
d - Inner Flame           Hex/Fire       24%        N/A       4%          3
e - Flame Wave            Conj/Fire      24%        2d7       14%         4
f - Apportation           Tloc           48%        N/A       1%          1
g - Corpse Rot            Necr/Air       48%        N/A       2%          2
h - Static Discharge      Conj/Air       24%        N/A       2%          2
Your spell library was empty.

Dungeon Overview and Level Annotations

Branches:
Dungeon (4/15)            Ossuary (1/1)
 Temple: D:4-7

Altars:


Innate Abilities, Weirdness & Mutations

You are immune to sickness and miasma.
You are immune to poison.
Your flesh is very heat resistant. (rF++)
You are vulnerable to cold. (rC-)
You float through the air rather than walking.
You learn spells naturally, not from books.
Your magical power is your life essence.
You have superior vitality. (+4 MHP)


Message History

The foxfire hits the elf zombie.
The elf zombie is severely damaged.
Casting: Foxfire (safe; 1% risk of failure)
Press: ? - help, Q - select action, (/) - cycle Dir - look around, f - activate You conjure some foxfire!
The centaur zombie hits you.
The centaur zombie completely misses you.
The foxfire hits the centaur zombie but does no damage.
The centaur zombie is lightly damaged.
The foxfire hits the centaur zombie.
The centaur zombie is moderately damaged.
The centaur zombie hits you. The centaur zombie closely misses you.
Casting: Foxfire (safe; 1% risk of failure)
Press: ? - help, Q - select action, (/) - cycle Dir - look around, f - activate You conjure some foxfire!
* * * LOW HITPOINT WARNING * * *
The centaur zombie hits you but does no damage.
The centaur zombie kicks you but does no damage.
Your foxfire dissipates!
The foxfire hits the elf zombie!
The elf zombie is almost destroyed.
Casting: Foxfire (safe; 1% risk of failure)
Press: ? - help, Q - select action, (/) - cycle Dir - look around, f - activate You conjure some foxfire!
* * * LOW HITPOINT WARNING * * *
The centaur zombie closely misses you. The centaur zombie misses you. x2
The centaur zombie kicks you.
* * * LOW HITPOINT WARNING * * *
The elf zombie hits you.
* * * LOW HITPOINT WARNING * * *
Your foxfire dissipates!
The foxfire hits the elf zombie.
The elf zombie is almost destroyed.
An adder zombie comes into view.
The centaur zombie hits you.
* * * LOW HITPOINT WARNING * * *
The centaur zombie kicks you.
* * * LOW HITPOINT WARNING * * *
The centaur zombie hits you.
You die...

#...#.......####Z#...#
#..M#.......# #...#
#...#.......# #...#
#...#.....∩.# #...#
#..Z####+.... #...#
#...# #...# #...#
#...# #...#
#...##############...#
#....Z.ZZ.ZZZ@.......#
#......Z.Z∩∩.........#
######################


You could see an adder zombie, 2 rat zombies, a hobgoblin zombie, 2 elf zombies
and a centaur zombie.

Vanquished Creatures
  A phantom (D:4)
  A jelly (D:3)
  A centaur zombie (Ossuary)
  A hound (D:4)
  Natasha (thrice) (D:3)
  A killer bee zombie (D:3)
  4 adders
  A worm (D:3)
  2 dart slugs
  3 orcs (D:3)
  4 ball pythons
  9 bats
  5 endoplasms
  3 goblins (D:1)
  4 hobgoblins
  3 jackals (D:1)
  3 quokkas
  3 frilled lizards
  2 goblin zombies (Ossuary)
  9 hobgoblin zombies (Ossuary)
  7 kobolds
  5 kobold zombies (Ossuary)
  6 orc zombies (Ossuary)
  3 rats (D:1)
84 creatures vanquished.

Vanquished Creatures (others)
  125 foxfires
125 creatures vanquished.

Grand Total: 209 creatures vanquished

Notes
Turn   | Place    | Note
-------+----------+-------------------------------------------
     0 | D:1      | moldycheese5 the Djinni Fire Elementalist began the quest
                  | for the Orb.
     0 | D:1      | Reached XP level 1. HP: 15/15 MP: 0/0
   166 | D:1      | Found a faded altar of an unknown god.
   188 | D:1      | Reached XP level 2. HP: 10/21 MP: 0/0
  1156 | D:1      | Reached XP level 3. HP: 21/25 MP: 0/0
  1156 | D:1      | Learned a level 1 spell: Apportation
  1482 | D:1      | Reached skill level 3 in Spellcasting
  2667 | D:2      | Reached XP level 4. HP: 26/31 MP: 0/0
  3507 | D:3      | Noticed Natasha
  3511 | D:3      | Killed Natasha
  3512 | D:3      | Reached XP level 5. HP: 21/35 MP: 0/0
  3512 | D:3      | Learned a level 2 spell: Corpse Rot
  3823 | D:3      | Reached skill level 4 in Spellcasting
  3926 | D:3      | Noticed Natasha
  3931 | D:3      | Killed Natasha
  4385 | D:3      | Reached XP level 6. HP: 29/40 MP: 0/0
  4630 | D:3      | Noticed Natasha
  4634 | D:3      | Killed Natasha
  4921 | D:4      | Reached skill level 5 in Spellcasting
  4926 | D:4      | Found a sand-covered staircase.
  4931 | Ossuary  | Entered an ossuary
  5358 | Ossuary  | Reached XP level 7. HP: 35/45 MP: 0/0
  5358 | Ossuary  | Learned a level 2 spell: Static Discharge
  5392 | Ossuary  | HP: 2/45 [centaur zombie (1)]
  5395 | Ossuary  | Slain by a centaur zombie

Illustrated notes

Levels and vault maps discovered:
D:1:      sevenhm_arrival_forest_fort_large_4, layout_loops_ring,
          ebering_ecumenical_altar_mist, minmay_small_reverse_x
D:2:      layout_loops_cross
D:3:      layout_basic, minmay_fractal_squares_gapless_5, uniq_natasha
D:4:      layout_basic, nicolae_overflow_crystal_walls,
          nicolae_ossuary_entry_plus, minmay_quadrilaterals
Ossuary:  ossuary_tomb_1

Skill      XL: |  1  2  3  4  5  6 |
---------------+-------------------+-----
Stealth        | 2 |  2.7
Spellcasting   | 3 4 5 |  5.2
Dodging        | |  2.6
Unarmed Combat | |  0.1

Action                   |  1- 3 |  4- 6 |  7- 9 || total
-------------------------+-------+-------+-------++-------
Melee: Unarmed           |     6 |    10 |       ||    16
 Cast: Foxfire           |    30 |    40 |    16 ||    86
       Scorch            |    28 |    50 |       ||    78
       Conjure Flame     |       |     1 |       ||     1
 Stab: Sleeping          |     1 |       |       ||     1
Armor: Robe              |     3 |     6 |     7 ||    16
Dodge: Dodged            |    14 |    36 |    18 ||    68
